 Dungeon Sprint DCSS version 0.31-a0-986-g5e6e4ef867 (webtiles) character file.

Game seed: 5770341326071247564

8 rocky1 the Ruffian (level 2, 18/18 HPs)
             Began as an Octopode Shapeshifter on Nov 17, 2023.
             Quit the game in the Dungeon (Sprint III: "The Ten Rune Challenge").
             The game lasted 00:00:55 (68 turns).

rocky1 the Ruffian (Octopode Shapeshifter)            Turns: 68, Time: 00:00:56

Health: 18/18      AC:  1    Str: 13    XL:     2   Next: 8%
Magic:  2/2        EV: 13    Int: 12    God:
Gold:   21         SH:  0    Dex: 11    Spells: 1/1 levels left

rFire   x .          .
                       - Unarmed
rCold   . . .        (no shield)
rNeg    . . .        (helmet currently unavailable)
rPois   .            (no amulet)
rElec   .            (no ring)
rCorr   .            (no ring)
SInv    .            (no ring)
Will    .....        (no ring)
Stlth   ++           (no ring)
HPRegen 0.23/turn    (no ring)
MPRegen 0.08/turn    (no ring)
                     (no ring)

%: no teleportation
@: beast-form
A: beast (slay +2), almost no armour, amphibious, 8 rings, camouflage 1,
gelatinous body 1, (nimble swimmer 1), tentacles, heat vulnerability 1,
inability to drink after injury 1, MP-powered wands
a: Begin Untransformation


You were in the Dungeon.
You were a hulking beast.
You visited 1 branch You collected 21 gold pieces.

Inventory:

Talismans
 b - a beast talisman
 c - a flux talisman
Scrolls
 i - a scroll of blinking
 k - a scroll of immolation
 n - a scroll of torment {unknown}
Potions
 a - a potion of lignification
 d - 2 potions of curing
 e - a potion of heal wounds
 f - a potion of haste
 g - 2 potions of magic
 h - a potion of berserk rage
 m - a potion of might
 o - 2 potions of attraction
 p - a potion of enlightenment {unknown}


   Skills:
 + Level 1.0 Fighting
 + Level 2.2 Dodging
 + Level 0.6 Stealth
 + Level 3.9 Unarmed Combat
 + Level 3.8 Shapeshifting


You had one spell level left.
You didn't know any spells.
Your spell library was empty.

Dungeon Overview and Level Annotations

Branches:
Dungeon (1/1)

Altars:


Innate Abilities, Weirdness & Mutations

You are a hulking beast.
Your limbs bulge with bestial killing power. (Slay +2)
You cannot wear most types of armour.
You are amphibious.
You can wear up to eight rings at the same time.
Your skin changes colour to match your surroundings (Stealth+).
Your rubbery body absorbs attacks. (AC +1, EV +1)
((You are camouflaged when in or above water. (Stealth+)))
You have tentacles for arms and can constrict up to eight enemies at once.
You are vulnerable to heat. (rF-)
You occasionally lose the ability to drink potions when taking damage.
You expend magic power (3 MP) to strengthen your wands.


Message History

The phantom is heavily damaged.
The phantom barely misses you.
You barely miss the phantom.
The phantom is heavily damaged.
The phantom hits you.
You tentacle-slap the phantom.
You destroy the phantom!
You have reached level 2!
You open the door.
Found 21 gold pieces and 2 yellow potions.
There is an open door here.
You now have 11 gold pieces.
j - a yellow potion;
k - a scroll labelled UXAMEM EDOISME
l - 2 scrolls of identify;
m - a bubbling black potion
d - 2 potions of curing (gained 1)
j - 2 yellow potions (gained 1);
n - a scroll labelled VIUXKEUXKI
l - 4 scrolls of identify (gained 2);
o - 2 pink potions;
p - a black potion You now have 21 gold pieces (gained 10).
Okay, then.
As you read the scroll of identify, it crumbles to dust.
j - 2 potions of mutation
As you read the scroll of identify, it crumbles to dust.
k - a scroll of immolation
As you read the scroll of identify, it crumbles to dust.
o - 2 potions of attraction
As you read the scroll of identify, it crumbles to dust.
m - a potion of might Unknown command.
There is an open door here.
You feel extremely strange.
You feel yourself wasting away.
You occasionally lose the ability to drink potions when taking damage.
You feel a little pissed off.
You feel more energetic.
You feel extremely strange.
You feel a little more calm.
You feel less energetic.
You feel healthier.
You feel vulnerable to heat.
You feel yourself wasting away.
You feel healthier.
You feel your magical essence link to the dungeon's wands.
Unknown command.
Are you sure you want to abandon this character and quit the game? (Confirm with "yes".)

▓▓▓▓▓▓▓▓▓▓▓▓▓
▓<.#..'h....♣♣
▓..#..#......♣
▓#'####.....♣♣
▓.....#....~.♣♣
▓.....#...~~♣.♣
▓....[#..~~~~.♣
▓####'#..~≈≈~~~
▓)....#.~~≈~~~.
▓.....#.~≈~~~..


There were no monsters in sight!

Vanquished Creatures
  A phantom (D)
  An endoplasm (D)
  3 rats (D)
5 creatures vanquished.

Notes
Turn   | Place    | Note
-------+----------+-------------------------------------------
     0 | D        | rocky1 the Octopode Shapeshifter began the quest for the
                  | Orb.
     0 | D        | Reached XP level 1. HP: 13/13 MP: 1/1
    47 | D        | Reached XP level 2. HP: 14/18 MP: 2/2
    66 | D        | Gained mutation: Your body sometimes deteriorates upon
                  | taking damage. [potion of mutation]
    66 | D        | Gained mutation: You occasionally lose the ability to drink
                  | potions when taking damage. [potion of mutation]
    66 | D        | Gained mutation: You sometimes lose your temper in combat.
                  | [potion of mutation]
    66 | D        | Gained mutation: You have an increased reservoir of magic.
                  | (+10% MP) [potion of mutation]
    67 | D        | Lost mutation: You sometimes lose your temper in combat.
                  | [potion of mutation]
    67 | D        | Lost mutation: You have an increased reservoir of magic.
                  | (+10% MP) [potion of mutation]
    67 | D        | Lost mutation: Your body sometimes deteriorates upon taking
                  | damage. [potion of mutation]
    67 | D        | Gained mutation: You are vulnerable to heat. (rF-) [potion
                  | of mutation]
    67 | D        | Gained mutation: Your body sometimes deteriorates upon
                  | taking damage. [potion of mutation]
    67 | D        | Lost mutation: Your body sometimes deteriorates upon taking
                  | damage. [potion of mutation]
    67 | D        | Gained mutation: You expend magic power (3 MP) to
                  | strengthen your wands. [potion of mutation]
    68 | D        | Quit the game

Illustrated notes

Levels and vault maps discovered:
D:        dungeon_sprint_mu [sprint_mu_entry_forest, sprint_mu_temple_rooms,
          sprint_mu_d1_horrors, sprint_mu_d2_genie, sprint_mu_d3_branching,
          sprint_mu_orc_legion, sprint_mu_elf_gauntlet, sprint_mu_hive_nellie,
          sprint_mu_lair_fedhas, sprint_mu_vaults_butterflies,
          sprint_mu_slime_circle, sprint_mu_shoals_archi,
          sprint_mu_snake_twists, sprint_mu_blade_basic,
          sprint_mu_crypt_fortress, sprint_mu_tomb_spiral,
          sprint_mu_vestibule_basic, sprint_mu_gehenna_hellfire,
          sprint_mu_dis_giant, sprint_mu_tartarus_statrot,
          sprint_mu_cocytus_islands, sprint_mu_zot1]

Action                     || total
---------------------------++-------
  Melee: Unarmed           ||    10
         Tentacles         ||     1
    Use: Scroll            ||     4
         Potion            ||     2
   Stab: Sleeping          ||     3
 Armour: Skin              ||     2
  Dodge: Dodged            ||     4

Table legend: (Time is in decaauts)
 A = Elapsed time spent in this place.
 B = Non-inter-level travel time spent in this place.
 C = Inter-level travel time spent in this place.
 D = Time resting spent in this place.
 E = Time spent auto-exploring this place.
 F = Levels seen in this place.
 G = Mean time per level.
                   A        B        C        D        E       F      G
               +--------+--------+--------+--------+--------+-----+--------+
         Total |     67 |     67 |      0 |      0 |      0 |   1 |   67.0 |
       Dungeon |     67 |     67 |      0 |      0 |      0 |   1 |   67.0 |
               +--------+--------+--------+--------+--------+-----+--------+

Top non-repeatable levels by time:
       D: 67 daAuts
